 Dungeon Sprint DCSS version 0.26.1-11-gd32895ea62 (webtiles) character file.

Game seed: 10592084576109375354

1269 Zeld the Geomancer (level 8, 0/46 HPs)
             Began as an Octopode Earth Elementalist on June 6, 2021.
             Was a Priest of Sif Muna.
             Slain by a tarantella (9 damage)
             ... in the Dungeon (Sprint V: "Ziggurat Sprint").
             The game lasted 00:02:35 (1080 turns).

Zeld the Geomancer (Octopode Earth Elementalist)    Turns: 1080, Time: 00:02:35

Health: 0/46       AC:  1    Str: 19    XL:     8   Next: 53%
Magic:  11/19      EV: 18    Int: 31    God:    Sif Muna [***...]
Gold:   0          SH:  0    Dex: 13    Spells: 7/22 levels left

rFire    + . .     SeeInvis .   (no weapon)
rCold    . . .     Faith    .   (no shield)
rNeg     . . .     Spirit   .   (helmet restricted)
rPois    .         Reflect  .   k - amulet of the acrobat
rElec    .         Harm     .   v - +6 ring of intelligence
rCorr    .         Rampage  .   w - +6 ring of intelligence
Will     .....     NoTele   +   x - +6 ring of strength
Stlth    ++........             y - +6 ring of strength
HPRegen  0.15/turn              t - ring of protection from fire
MPRegen  0.16/turn              (no ring)
                                (no ring)
                                (no ring)

@: confused
A: almost no armour, stealthy swim, amphibious, 8 rings, constrict 8, camouflage
1, gelatinous body 1
a: Renounce Religion, Channel Magic, Forget Spell


You were in the Dungeon.
You worshipped Sif Muna.
Sif Muna was most pleased with you.
You visited 1 branch

Inventory:

Missiles
 b - 29 stones
Jewellery
 k - an amulet of the acrobat (around mantle)
 t - a ring of protection from fire (on tentacle)
 v - a +6 ring of intelligence (left tentacle)
 w - a +6 ring of intelligence (right tentacle)
 x - a +6 ring of strength (on tentacle)
 y - a +6 ring of strength (on tentacle)
Wands
 s - a wand of disintegration (7)
 u - a wand of acid (4)
Scrolls
 h - 3 scrolls of blinking
 m - 4 scrolls of amnesia
 n - 7 scrolls of fog
 o - a scroll of holy word
 p - 5 scrolls of identify
 q - 5 scrolls of remove curse
 r - 2 scrolls of fear
 A - a scroll of brand weapon
Potions
 a - 2 potions of brilliance
 c - 10 potions of curing
 d - 10 potions of heal wounds
 e - 6 potions of haste
 f - 7 potions of magic
 g - 3 potions of berserk rage
 i - 2 potions of invisibility
 j - 4 potions of resistance
 l - 5 potions of might
Miscellaneous
 z - a lightning rod (4/4)
 C - a tin of tremorstones (2/2)


   Skills:
 + Level 8.1 Dodging
 - Level 2.6 Stealth
 + Level 7.5 Spellcasting
 - Level 1.0 Transmutations
 * Level 11.4 Earth Magic
 * Level 10.7 Invocations


You had 7 spell levels left.
You knew the following spells:

 Your Spells              Type           Power        Failure   Level
a - Sandblast             Erth           100%         1%          1
b - Passwall              Tmut/Erth      41%          1%          2
c - Stone Arrow           Conj/Erth      94%          1%          3
d - Petrify               Tmut/Erth      50%          3%          4
e - Lee's Rapid Deconstr  Erth           35%          1%          5

Your spell library contained the following spells:

 Spells                   Type           Power        Failure   Level
 Sublimation of Blood     Necr           5%           6%          2
 Ignite Poison            Fire/Tmut/Pois 13%          11%         3
 Alistair's Intoxication  Tmut/Pois      9%           67%         5
 Irradiate                Conj/Tmut      7%           67%         5
 Eringya's Noxious Bog    Tmut/Pois      7%           99%         6


Dungeon Overview and Level Annotations

Branches:
Dungeon (1/1)

Altars:
Ashenzari
Cheibriados
Dithmenos
Elyvilon
Fedhas
Gozag
Hepliaklqana
Kikubaaqudgha
Makhleb
Nemelex Xobeh
Okawaru
Qazlal
Ru
Sif Muna
Trog
Uskayaw
Vehumet
Wu Jian
Xom
Yredelemnul
Zin
The Shining One
Beogh
Jiyva
Lugonu

Annotations:
D 1 transporter


Innate Abilities, Weirdness & Mutations

You cannot wear most types of armour.
You are very stealthy in the water. (Stealth+)
You are amphibious.
You can wear up to eight rings at the same time.
You can use your tentacles to constrict eight enemies at once.
Your skin changes colour to match your surroundings (Stealth+).
Your rubbery body absorbs attacks. (AC +1, EV +1)


Message History

You are too confused!
Unknown command.
The jumping spider completely misses you. x2
The tarantella completely misses you.
The jumping spider completely misses you. x2
The jumping spider pounces on you.
The jumping spider completely misses you. x3
The tarantella bites you but does no damage.
The jumping spider completely misses you. x2
You bump into the unnaturally hard rock wall.
The jumping spider barely misses you. x2; The jumping spider pounces on you!
The jumping spider barely misses you.
The jumping spider completely misses you.
The jumping spider misses you.
The jumping spider leaps!
You bump into the unnaturally hard rock wall.
The jumping spider pounces on you!!
* * * LOW HITPOINT WARNING * * *
The jumping spider misses you.
The jumping spider leaps!
The tarantella bites you!
You die...

▓..©..▓..©..▓▓▓▓▓▓▓
▓▓▓▓▓▓▓▓▓▓▓▓▓▓▓▓▓▓▓
▓..8©8...▓..8°8...▓
▓....[...▓..:}[...▓
▓...=.÷..▓..:.|..s▓
▓.....÷..▓........▓
▓..÷.....▓.....s..▓
▓.▓....▓.▓.▓...s▓.▓
▓...©....▓...©ss@.▓
▓▓▓▓▓▓▓▓▓▓▓▓▓▓▓▓▓▓▓


You could see 2 jumping spiders, 2 tarantellas and a scorpion.

Vanquished Creatures
  4 merfolk (D)
  A yak (D)
  2 wolves (D)
  A crimson imp (D)
  3 iguanas (D)
  2 ufetubi (D)
13 creatures vanquished.

Notes
Turn   | Place    | Note
-------+----------+-------------------------------------------
     0 | D        | Zeld the Octopode Earth Elementalist began the quest for
                  | the Orb.
     0 | D        | Reached XP level 1. HP: 11/11 MP: 3/3
     0 | D        | Found a shimmering blue altar of Sif Muna.
     0 | D        | Found a bloodstained altar of Trog.
     0 | D        | Found a sacrificial altar of Ru.
     0 | D        | Found a stormy altar of Qazlal.
     0 | D        | Found an iron altar of Okawaru.
     1 | D        | Found a sparkling altar of Nemelex Xobeh.
     1 | D        | Found a blossoming altar of Fedhas.
     2 | D        | Found the +6 Majin-Bo {vamp, MP+6 Int+6}
     2 | D        | Found the +9 heavy crossbow "Sniper" {vorpal, Acc+∞ SInv}
     2 | D        | Found the +10 dark maul {vorpal}
     2 | D        | Found the +15 Maxwell's patent armour {-Cast -Tele rElec
                  | Will+ rCorr}
     2 | D        | Found the +18 shield of the Gong {rElec rN+ Will+ EV-5}
     2 | D        | Found the cursed +14 obsidian axe {vorpal, +Fly SInv
                  | *Curse}
     2 | D        | Found the +7 great mace "Firestarter" {inner flame, rF++}
     2 | D        | Found the +6 shillelagh "Devastator" {shatter}
     2 | D        | Found the +11 plutonium sword {*Contam Stlth-}
     2 | D        | Found the +8 lance "Wyrmbane" {slay drac, rPois rF+ rC+
                  | AC+3}
     2 | D        | Found the +9 sword of Zonguldrok {reap}
     2 | D        | Found the cursed +13 scythe of Curses {drain, *Curse}
     2 | D        | Found the +5 sword of Power {vorpal}
     2 | D        | Found the +7 mace of Variability {chain chaos}
     2 | D        | Found the +7 Singing Sword {vorpal, sonic wave}
     2 | D        | Found the +8 storm bow {elec, penet}
     3 | D        | Found a transporter.
     3 | D        | Found an ancient bone altar of Kikubaaqudgha.
     3 | D        | Found a viscous altar of Jiyva.
     3 | D        | Found a corrupted altar of Lugonu.
     3 | D        | Found a hazy altar of Hepliaklqana.
     3 | D        | Found a burning altar of Makhleb.
     3 | D        | Found an opulent altar of Gozag.
     4 | D        | Banished a spatial maelstrom
    16 | D        | Reached skill level 6 in Earth Magic
    16 | D        | Reached XP level 2. HP: 17/17 MP: 3/6
    26 | D        | Became a worshipper of Sif Muna the Loreminder
    30 | D        | Learned a level 2 spell: Passwall
   216 | D        | Entered arena 2.
   216 | D        | Noticed a wolf
   216 | D        | Noticed a wolf
   216 | D        | Found a transporter.
   218 | D        | Killed a wolf
   219 | D        | Reached skill level 5 in Dodging
   219 | D        | Reached skill level 7 in Earth Magic
   219 | D        | Reached XP level 3. HP: 21/21 MP: 7/9
   219 | D        | Reached XP level 4. HP: 27/27 MP: 7/10
   219 | D        | Killed a wolf
   220 | D        | Reached skill level 5 in Spellcasting
   220 | D        | Reached skill level 8 in Earth Magic
   220 | D        | Reached skill level 5 in Invocations
   220 | D        | Reached XP level 5. HP: 31/31 MP: 6/12
   224 | D        | Learned a level 3 spell: Stone Arrow
   229 | D        | Learned a level 4 spell: Petrify
   237 | D        | Got the amulet "Sohaek" {Inacc Str+3}
   371 | D        | Entered arena 3.
   371 | D        | Found a transporter.
   372 | D        | Reached * piety under Sif Muna
   528 | D        | Entered arena 4.
   528 | D        | Noticed a merfolk
   528 | D        | Noticed a merfolk
   528 | D        | Noticed a merfolk
   528 | D        | Noticed a merfolk
   528 | D        | Found a transporter.
   533 | D        | Killed a merfolk
   533 | D        | Reached ** piety under Sif Muna
   533 | D        | Killed a merfolk
   534 | D        | Reached skill level 10 in Earth Magic
   534 | D        | Reached XP level 6. HP: 18/36 MP: 12/15
   534 | D        | Reached XP level 7. HP: 21/41 MP: 12/16
   534 | D        | Killed a merfolk
   534 | D        | HP: 2/41 [merfolk/+0 trident (19)]
   536 | D        | Killed a merfolk
   536 | D        | Reached *** piety under Sif Muna
   537 | D        | Reached skill level 11 in Earth Magic
   537 | D        | Reached skill level 10 in Invocations
   537 | D        | Reached XP level 8. HP: 3/46 MP: 12/18
   543 | D        | Learned a level 5 spell: Lee's Rapid Deconstruction
   822 | D        | Entered arena 5.
   822 | D        | Noticed a yak
   822 | D        | Found a transporter.
   826 | D        | Killed a yak
  1072 | D        | Entered arena 6.
  1072 | D        | Noticed a tarantella
  1072 | D        | Noticed a jumping spider
  1072 | D        | Noticed a tarantella
  1072 | D        | Noticed a jumping spider
  1072 | D        | Found a transporter.
  1080 | D        | Slain by a tarantella

Illustrated notes

Levels and vault maps discovered:
D:        sprint_v [room_start, room_1, room_2, room_3, room_4, room_5, room_6,
          room_7, room_8, room_9, room_10, room_11, room_12, room_13, room_14,
          room_15, room_16, room_17, room_18, room_19, room_20, room_21,
          room_22, room_23, room_24, room_25, room_26, room_27]

Skill      XL: |  1  2  3  4  5  6  7  8 |
---------------+-------------------------+-----
Dodging        | 4 5 7 8 |  8.1
Spellcasting   | 3 4 5 6 7 |  7.5
Earth Magic    | 6 7 8 10 11 | 11.4
Invocations    | 4 5 9 10 | 10.7
Stealth        | |  2.6
Transmutations | |  1.0

Action                   |  1- 3 |  4- 6 |  7- 9 || total
-------------------------+-------+-------+-------++-------
Melee: Unarmed           |       |       |     5 ||     5
       Constrict         |       |       |     1 ||     1
 Cast: Sandblast         |       |     1 |       ||     1
       Stone Arrow       |       |     3 |    11 ||    14
       Lee's Rapid Decon |       |       |     1 ||     1
Invok: Channel Magic     |       |       |     1 ||     1
Evoke: Wand              |     2 |     5 |     3 ||    10
  Use: Potion            |     1 |       |       ||     1
       Scroll            |       |       |     1 ||     1
Armor: Skin              |       |       |     1 ||     1
Dodge: Dodged            |     1 |     4 |    28 ||    33
